 Dungeon Sprint DCSS version 0.17.2-1-ge4368a0 (webtiles) character file.

476 mopl the Covert (level 6, 0/30 HPs)
             Began as a Spriggan Assassin on Aug 23, 2016.
             Was a Follower of Trog.
             Slain by a wandering mushroom (13 damage)
             ... in the Dungeon (Sprint IV: "Fedhas' Mad Dash").
             The game lasted 00:01:31 (193 turns).

mopl the Covert (Spriggan Assassin)                  Turns: 193, Time: 00:01:31

Health: 0/30       AC:  3    Str:  7    XL:     6   Next: 85%
Magic:  8/13       EV: 17    Int: 12    God:    Trog [*.....]
Gold:   14         SH:  0    Dex: 20    Spells: 0 memorised, 5 levels left

rFire  . . .     SeeInvis +     a - +2 dagger
rCold  . . .     Clarity  .     c - +0 robe
rNeg   . . .     SustAt   .     (shield restricted)
rPois  .         Gourm    .     (helmet restricted)
rElec  .         Spirit   .     d - +0 cloak
rCorr  .         Warding  .     (gloves unavailable)
rMut   .         NoTele   +     (boots unavailable)
MR     +....                    (no amulet)
Stlth  ++++++....               (no ring)
                                n - ring of invisibility

@: very slightly contaminated, invisible, very quick, somewhat resistant to
hostile enchantments, very stealthy
A: unfitting armour, see invisible, herbivore 3, speed 3, slow metabolism 2
a: Berserk, Burn Spellbooks, Renounce Religion, Turn Visible


You were in the Dungeon.
You worshipped Trog.
Trog was aware of your devotion.
You were not hungry.

You visited 1 branch You collected 106 gold pieces.
You spent 92 gold pieces at shops.

Inventory:

Hand Weapons
 a - a +2 dagger (weapon)
 b - a +0 blowgun
Missiles
 e - 7 poisoned needles
 f - 2 curare-tipped needles
Armour
 c - a +0 robe (worn)
 d - a +0 cloak (worn)
Jewellery
 n - a ring of invisibility (left hand)
Scrolls
 m - a scroll of blinking
 o - 2 scrolls of fear {unknown}
 p - a scroll of recharging {unknown}
 q - a scroll of remove curse {unknown}
Potions
 h - a potion of curing
 i - a potion of heal wounds
 j - a potion of haste
 k - 2 potions of magic
 l - a potion of berserk rage {!q}
Comestibles
 g - a bread ration


   Skills:
 - Level 1.5 Fighting
 - Level 2.1 Short Blades
 * Level 11.0 Throwing
 - Level 1.5 Dodging
 + Level 12.7 Stealth
 + Level 8.1 Evocations


You had 5 spell levels left.
You didn't know any spells.

Dungeon Overview and Level Annotations

Branches:
Dungeon (1/1)

Altars:
Cheibriados
Dithmenos
Elyvilon
Gozag
Kikubaaqudgha
Makhleb
Nemelex Xobeh
Okawaru
Qazlal
Ru
Sif Muna
Trog
Vehumet
Xom
Yredelemnul
Zin
The Shining One
Beogh
Jiyva
Lugonu

Shops:
D *%


Innate Abilities, Weirdness & Mutations

You are tiny and cannot use many weapons and most armour.
You have supernaturally acute eyesight.
You are a herbivore.
You cover ground extremely quickly.
You need consume almost no food.


Message History

Your Stealth skill increases to level 12!
Your Evocations skill gained 2 levels and is now at level 8!
You have reached level 6!
Your experience leads to an increase in your attributes!
Increase (S)trength, (I)ntelligence, or (D)exterity?
You feel agile.
The wandering mushroom releases spores at you!
You are engulfed in a cloud of spores!
Unknown command.
You hit the wandering mushroom.
The wandering mushroom is lightly damaged.
The wandering mushroom misses you.
The wandering mushroom barely misses you.
Unknown command.
You hit the wandering mushroom but do no damage.
The wandering mushroom is lightly damaged.
The wandering mushroom releases spores at you!
You are engulfed in a cloud of spores!
The wandering mushroom releases spores at you!
You die...

###################
....⌠.#..'.))#.s..#
_._._.'..#.†.#.f..+
._._._#..###'##.@(#
_._._.#.(##∩∩.'..f#
....⌠.#############
#######


You could see 2 wandering mushrooms and a scorpion (wandering).

Vanquished Creatures
  A burning bush (D)
  A scorpion (D)
  3 oklob saplings (D)
  A worker ant (D)
  2 spriggans (D)
  A river rat (D)
  A rat (D)
10 creatures vanquished.

Notes
Turn   | Place    | Note
--------------------------------------------------------------
     0 | D        | mopl the Spriggan Assassin began the quest for the Orb.
     0 | D        | Reached XP level 1. HP: 10/10 MP: 2/2
    14 | D        | Reached skill level 3 in Throwing
    14 | D        | Reached skill level 6 in Stealth
    14 | D        | Reached XP level 2. HP: 14/14 MP: 3/3
    16 | D        | Reached skill level 4 in Throwing
    16 | D        | Reached skill level 7 in Stealth
    33 | D        | Noticed an oklob sapling
    34 | D        | Killed an oklob sapling
    34 | D        | Reached skill level 5 in Throwing
    34 | D        | Reached skill level 8 in Stealth
    34 | D        | Reached XP level 3. HP: 18/18 MP: 4/4
    36 | D        | Noticed a worker ant
    38 | D        | Killed a worker ant
    38 | D        | Reached skill level 6 in Throwing
    59 | D        | Found a snail-covered altar of Cheibriados.
    59 | D        | Found a glowing silver altar of Zin.
    59 | D        | Found a white marble altar of Elyvilon.
    59 | D        | Found a viscous altar of Jiyva.
    59 | D        | Found a radiant altar of Vehumet.
    59 | D        | Found a deep blue altar of Sif Muna.
    59 | D        | Found an ancient bone altar of Kikubaaqudgha.
    59 | D        | Found a bloodstained altar of Trog.
    59 | D        | Found a corrupted altar of Lugonu.
    59 | D        | Noticed an oklob sapling priest
    60 | D        | Found a burning altar of Makhleb.
    60 | D        | Found a sacrificial altar of Ru.
    61 | D        | Found a glowing golden altar of the Shining One.
    61 | D        | Found a sparkling altar of Nemelex Xobeh.
    62 | D        | Found a shadowy altar of Dithmenos.
    63 | D        | Found a shimmering altar of Xom.
    63 | D        | Found an iron altar of Okawaru.
    64 | D        | Found an opulent altar of Gozag.
    65 | D        | Became a worshipper of Trog the Wrathful
    66 | D        | Found a roughly hewn altar of Beogh.
    66 | D        | Found a basalt altar of Yredelemnul.
    67 | D        | Killed an oklob sapling priest
    67 | D        | Reached skill level 7 in Throwing
    67 | D        | Reached skill level 9 in Stealth
    67 | D        | Reached skill level 3 in Evocations
    67 | D        | Reached XP level 4. HP: 22/22 MP: 2/7
    68 | D        | Found a stormy altar of Qazlal.
    76 | D        | Noticed an oklob sapling wizard
    79 | D        | Killed an oklob sapling wizard
    79 | D        | Reached skill level 8 in Throwing
    79 | D        | Reached skill level 10 in Stealth
    79 | D        | Reached skill level 4 in Evocations
    79 | D        | Reached XP level 5. HP: 25/25 MP: 3/9
    82 | D        | Noticed a scorpion
    86 | D        | Killed a scorpion
    86 | D        | Reached * piety under Trog
    86 | D        | Reached skill level 9 in Throwing
    86 | D        | Reached skill level 11 in Stealth
    86 | D        | Reached skill level 5 in Evocations
    88 | D        | Reached skill level 6 in Evocations
   100 | D        | Found Cyzxef's Food Shop.
   100 | D        | Found Bezoig's Assorted Antiques.
   103 | D        | Bought a scroll labeled HADUCEOPUZ for 23 gold pieces
   103 | D        | Bought a scroll labeled ETEFO XAOSEWEA for 23 gold pieces
   103 | D        | Bought a scroll labeled NIAWU IDO JUSK for 23 gold pieces
   103 | D        | Bought a scroll labeled HADUCEOPUZ for 23 gold pieces
   187 | D        | Noticed a burning bush
   187 | D        | Noticed a wandering mushroom
   188 | D        | Noticed a scorpion
   188 | D        | Noticed a wandering mushroom
   191 | D        | Killed a burning bush
   191 | D        | Reached skill level 11 in Throwing
   191 | D        | Reached skill level 12 in Stealth
   191 | D        | Reached skill level 8 in Evocations
   191 | D        | Reached XP level 6. HP: 30/30 MP: 8/13
   193 | D        | Slain by a wandering mushroom

Action                   |  1- 3 |  4- 6 || total
-------------------------+-------+-------++-------
Melee: Dagger            |     3 |     7 ||    10
 Fire: Blowgun           |     7 |       ||     7
 Abil: Evoke Invisibilit |     1 |     1 ||     2
 Stab: Sleeping          |     5 |     5 ||    10
